AoeStats
← Oldspice

African Clearing

506043403Analyzed
3v3 RM · 20d ago on Sep 12, 2026· 34m 1s· 6 players
Game mode
Random Map
Map size
Normal (6 player)
Population
200
Speed
Normal
Resources
Standard
Victory
Conquest
Starting age
Dark Age
Ending age
Imperial Age
RankedLock teamsTeams togetherTeam positionsShared explorationLock speedFull tech treeHidden civsTurbo modeCheats
Victory
Defeat
🇹🇼 Bulgarians · Taiwan
1476
+15
🇺🇸 Koreans · United States
1475
+15
🇺🇸 Magyars · United States
1372
+19
🇺🇸 Franks · United States
1520
-19
🇺🇸 Portuguese · United States
1468
-17
🇻🇪 Japanese · Venezuela
1362
-13
MJZ
5:39 Loom
11:39 Feudal Age
12:26 Double-Bit Axe
15:32 Wheelbarrow
19:58 Castle Age
19:04 Fletching
21:02 Bow Saw
22:30 Bodkin Arrow
31:19 Ballistics
31:44 Husbandry
32:10 Horse Collar
32:58 Heavy Plow
34:46 Hand Cart
FrNkyboy
4:29 Loom
8:04 Loom
12:52 Feudal Age
16:59 Castle Age
15:47 Double-Bit Axe
16:38 Fletching
18:05 Bodkin Arrow
19:28 Town Watch
24:46 Wheelbarrow
26:46 Bow Saw
28:59 Hand Cart
29:44 Husbandry
30:06 Thumb Ring
29:55 Horse Collar
30:45 Ballistics
33:48 Heavy Plow
sillyoyo
8:01 Loom
12:19 Feudal Age
13:06 Double-Bit Axe
15:58 Fletching
24:03 Castle Age
23:08 Gold Mining
24:40 Bloodlines
27:33 Bow Saw
29:03 Fishing Lines
29:51 Scale Barding Armor
31:24 Chain Barding Armor
31:19 Forging
31:10 Gillnets
31:58 Gold Shaft Mining
33:32 Wheelbarrow
32:43 Town Watch
34:55 Hand Cart
2rich4u81
12:25 Loom
14:58 Feudal Age
15:44 Double-Bit Axe
19:55 Fletching
23:38 Castle Age
22:30 Padded Archer Armor
23:42 Crossbowman
28:03 Bodkin Arrow
Janu G
7:35 Loom
14:18 Feudal Age
15:19 Double-Bit Axe
15:20 Fishing Lines
21:43 Fletching
27:06 Castle Age
25:43 Padded Archer Armor
26:57 Bloodlines
27:43 Bodkin Arrow
28:14 Gillnets
30:23 Leather Archer Armor
31:51 Gold Mining
32:57 Ballistics
33:13 Husbandry
Oldspice
12:40 Feudal Age
12:48 Man-at-Arms
17:04 Scale Barding Armor
17:26 Loom
21:12 Double-Bit Axe
26:15 Castle Age
Connection lost

Rejoining the realm…

Still unreachable

The connection could not be restored.

Session expired

The server has moved on; the page needs a fresh start.